 Dungeon Crawl Stone Soup version 0.23.0 (webtiles) character file.

Game seed: 11209238676877248386

319 Inchmeat the Cleaver (level 6, 0/50 HPs)
             Began as a Hill Orc Gladiator on Feb 12, 2019.
             Was a Follower of Makhleb.
             Succumbed to a water moccasin's poison
             ... on level 5 of the Dungeon.
             The game lasted 00:05:13 (2334 turns).

Inchmeat the Cleaver (Hill Orc Gladiator)           Turns: 2334, Time: 00:05:13

Health: 0/50       AC: 11    Str: 26    XL:     6   Next: 46%
Magic:  8/8        EV: 15    Int: 13    God:    Makhleb [*.....]
Gold:   122        SH:  0    Dex: 21    Spells: 5/5 levels left

rFire    . . .     SeeInvis +   a - +0 war axe
rCold    . . .     Gourm    .   (no shield)
rNeg     . . .     Faith    .   o - +1 chain mail
rPois    .         Spirit   .   c - +0 helmet
rElec    .         Reflect  .   (no cloak)
rCorr    .         Harm     .   j - +0 pair of gloves
MR       .....     Clarity  +   (no boots)
Stlth    ..........             (no amulet)
HPRegen  0.16/turn              m - +4 ring of dexterity
MPRegen  0.11/turn              r - ring of see invisible

@: mighty, brilliant, agile, lethally poisoned (0 -> -2), flying (expiring)
A: clarity, screaming 1, strong 1
a: Renounce Religion


You were on level 5 of the Dungeon.
You worshipped Makhleb.
Makhleb was aware of your devotion.
You were not hungry.

You visited 1 branch of the dungeon, and saw 5 of its levels.

You collected 122 gold pieces.

Inventory:

Hand Weapons
 a - a +0 war axe (weapon)
Missiles
 d - 3 throwing nets (quivered)
Armour
 c - a +0 helmet (worn)
 j - a +0 pair of gloves (worn)
 o - a +1 chain mail (worn)
Jewellery
 m - a +4 ring of dexterity (left hand)
 r - a ring of see invisible (right hand)
Wands
 q - a wand of paralysis (7)
Scrolls
 s - a scroll of identify {@r1}
Potions
 b - a potion of agility
 e - a potion of haste
Comestibles
 f - 8 rations


   Skills:
 - Level 2.4 Fighting
 + Level 8.6 Axes
 - Level 1.7 Throwing
 - Level 2.4 Dodging
 - Level 3.1 Invocations


You had 5 spell levels left.
You didn't know any spells.
Your spell library contained the following spells:

 Spells                   Type           Power        Failure   Level  Hunger
 Animate Skeleton         Necr           N/A          22%         1    ##.....
 Apportation              Tloc           #.....       22%         1    ##.....
 Confusing Touch          Hex            #.....       22%         1    ##.....
 Summon Small Mammal      Summ           #...         22%         1    ##.....


Dungeon Overview and Level Annotations

Branches:
Dungeon (4/15)
 Temple: D:4-7

Altars:
Makhleb
Ru
Vehumet


Innate Abilities, Weirdness & Mutations

You possess an exceptional clarity of mind.
You occasionally shout uncontrollably at your foes.
Your muscles are strong. (Str +2)


Message History

Tha helpless water moccasin fails ta defend itself.
Ye slash tha water moccasin!
Ye kill tha water moccasin!
Makhleb accepts yer kill.
Yer Axes skill increases ta level 8!
Ye haf reached level 6!
Yer 'sperience leads ta an increase in yer attributes!
Yer base attributes be Str 18, Int 8, Dex 12.
Increase (S)tr'ngth, (I)ntelligence, or (D)'sterity?
Ye feel stronger.
Ye be startin' ta lose yer buoyancy.
* * * LOW HITPOINT WARNIN'
* * * Ye feel sick.
Ye feel very mighty all o' a sudd'n.
Okay, than.
* * * LOW HITPOINT WARNIN'
* * * Ye feel sick.
* * * LOW HITPOINT WARNIN'
* * * Ye feel sick.
Ye die...

#... .# $_.
.. # ... .#
#.##.## .#
.... .#
#.####.####.#
#...........#
######.######
#..@..#
#....##
#....# #....#
#....# +....#
#...## #...#
#####


There were no monsters in sight!

Vanquished Creatures
  A water moccasin (D:5)
  A scorpion (D:4)
  A centaur zombie (D:5)
  2 adders
  2 oozes (D:1)
  3 worms
  4 dart slugs
  2 leopard geckos (D:2)
  4 orcs (D:3)
  5 ball pythons
  11 bats
  3 giant cockroaches
  11 goblins
  9 hobgoblins
  2 quokkas
  4 frilled lizards (D:1)
  10 kobolds
  3 rats
78 creatures vanquished.

Vanquished Creatures (others)
  A hound (D:4)
  An iguana (D:4)
  2 orcs (D:4)
  A quokka (D:4)
5 creatures vanquished.

Grand Total: 83 creatures vanquished

Notes
Turn   | Place    | Note
-------+----------+-------------------------------------------
     0 | D:1      | Inchmeat the Hill Orc Gladiator began the quest for the
                  | Orb.
     0 | D:1      | Reached XP level 1. HP: 18/18 MP: 1/1
    30 | D:1      | Reached XP level 2. HP: 25/25 MP: 2/2
   101 | D:1      | Reached skill level 5 in Axes
   159 | D:1      | Reached XP level 3. HP: 22/30 MP: 3/3
   389 | D:1      | Reached skill level 6 in Axes
  1022 | D:2      | Reached XP level 4. HP: 37/37 MP: 4/4
  1206 | D:2      | Found a burning altar of Makhleb.
  1231 | D:2      | Became a worshipper of Makhleb the Destroyer
  1756 | D:3      | Reached skill level 7 in Axes
  2008 | D:3      | Reached skill level 1 in Invocations
  2062 | D:3      | Reached XP level 5. HP: 42/42 MP: 5/5
  2101 | D:3      | Found a radiant altar of Vehumet.
  2212 | D:4      | Reached * piety under Makhleb
  2297 | D:4      | You fall through a shaft!
  2297 | D:5      | Entered Level 5 of the Dungeon
  2299 | D:5      | Noticed a water moccasin
  2307 | D:5      | Gained mutation: You occasionally shout uncontrollably at
                  | your foes. [potion of mutation]
  2307 | D:5      | Gained mutation: Your muscles are strong. (Str +2) [potion
                  | of mutation]
  2307 | D:5      | Gained mutation: You possess an exceptional clarity of
                  | mind. [potion of mutation]
  2316 | D:5      | Found a sacrificial altar of Ru.
  2326 | D:5      | HP: 2/42 [poisoned by a water moccasin]
  2328 | D:5      | Killed a water moccasin
  2328 | D:5      | Reached skill level 8 in Axes
  2328 | D:5      | Reached XP level 6. HP: 3/50 MP: 8/8
  2332 | D:5      | HP: 1/50 [poisoned by a water moccasin]
  2334 | D:5      | Succumbed to a water moccasin's poison

Skill      XL: |  1  2  3  4  5 |
---------------+----------------+-----
Axes           | 5 6 7 8 |  8.6
Invocations    | 1 3 |  3.1
Fighting       | |  2.4
Throwing       | |  1.7
Dodging        | |  2.4

Action                   |  1- 3 |  4- 6 || total
-------------------------+-------+-------++-------
Melee: War axe           |    80 |   103 ||   183
Evoke: Wand              |       |     1 ||     1
  Use: Scroll            |       |     8 ||     8
       Potion            |       |     6 ||     6
 Stab: Sleeping          |       |     1 ||     1
       Paralysed         |       |     4 ||     4
  Eat: Chunk             |       |     5 ||     5
Armor: Leather armour    |    31 |    10 ||    41
       Chain mail        |       |    52 ||    52
Dodge: Dodged            |    46 |    60 ||   106
